AoeStats
← maksi_ka

Arabia

508237355Analyzed
1v1 RM · 11d ago on Sep 21, 2026· 44m 37s· 2 players
Game mode
Random Map
Map size
Tiny (2 player)
Population
200
Speed
Normal
Resources
Standard
Victory
Conquest
Starting age
Dark Age
Ending age
Imperial Age
RankedLock teamsTeams togetherTeam positionsShared explorationLock speedFull tech treeHidden civsTurbo modeCheats
Victory
Defeat
🇩🇪 Khmer · Germany
855
+16
🇨🇳 Chinese · China
859
-16
maksi_ka
7:02 Loom
10:27 Feudal Age
11:34 Double-Bit Axe
16:15 Forging
17:03 Horse Collar
17:14 Gold Mining
18:45 Wheelbarrow
18:42 Scale Barding Armor
23:03 Castle Age
23:53 Husbandry
26:20 Chain Barding Armor
26:36 Iron Casting
26:41 Fletching
26:52 Padded Archer Armor
29:56 Bow Saw
30:23 Gold Shaft Mining
30:41 Town Watch
31:37 Bloodlines
37:31 Hand Cart
37:16 Town Patrol
43:17 Imperial Age
42:19 Bodkin Arrow
43:51 Cavalier
43:52 Light Cavalry
geegen
0:31 Loom
13:50 Feudal Age
14:33 Double-Bit Axe
14:36 Horse Collar
15:11 Arson
15:23 Man-at-Arms
17:59 Scale Mail Armor
20:00 Fletching
25:12 Castle Age
24:20 Forging
25:23 Long Swordsman
34:29 Gold Mining
38:01 Squires
38:26 Bow Saw
39:24 Heavy Plow
43:20 Imperial Age
41:33 Wheelbarrow
41:16 Pikeman
42:15 Chain Mail Armor
43:10 Iron Casting
Connection lost

Rejoining the realm…

Still unreachable

The connection could not be restored.

Session expired

The server has moved on; the page needs a fresh start.